[Event "FIDE WSCC 65 2022"]
[Site "Assisi"]
[Date "2022.11.25"]
[Round "10.1"]
[White "Legky, Nikolay A"]
[Black "Nunn, John D M"]
[Result "1/2-1/2"]
[ECO "E97"]
[WhiteElo "2350"]
[BlackElo "2580"]
[Annotator "TA"]
[PlyCount "36"]
[EventDate "2022.11.14"]
[EventType "swiss"]
[EventCountry "ITA"]
[SourceTitle "playchess.com"]
[Source "ChessBase"]
[SourceQuality "1"]
[TimeControl "40/5400+30:1800+30"]

1. d4 Nf6 2. c4 g6 3. Nc3 Bg7 4. e4 d6 5. Be2 O-O 6. Nf3 e5 7. O-O Nc6 8. dxe5 dxe5 9. Bg5 Qxd1 10. Raxd1 Bg4 {[%emt 0:00:10] E97: King's Indian: Classical Main Line (6...e5 7 0-0 Nc6): 8 Be3 and 8 d5 Ne7, not 9 Ne1.} 11. h3 Bxf3 12. Bxf3 ({Don't play} 12. gxf3 Nd4 $15) 12... Nd4 13. Nd5 Nxd5 14. cxd5 f5 {[%emt 0:08:22] [#]} 15. Rfe1 $146 ({Predecessor:} 15. Be3 Nxf3+ 16. gxf3 Rf7 17. Rd3 Bf8 18. Rc1 Bd6 19. Kg2 Kf8 20. a3 a5 21. Rdc3 {½-½ (42) Baraeva,M (2208)-Baraeva,I (2198) Nebug 2016}) 15... Rae8 16. Bd2 Nc2 {[%emt 0:06:55] The position is equal.} 17. Re2 Nd4 18. Ree1 Nc2 {[%emt 1:05:11] Not much happened in this game.   Weighted Error Value: White=0.06 (flawless) /Black=0.03 (flawless)} 1/2-1/2

[Event "FIDE WSCC 65 2022"]
[Site "Assisi"]
[Date "2022.11.25"]
[Round "10.2"]
[White "Kristiansen, Jens"]
[Black "Jansa, Vlastimil"]
[Result "1-0"]
[ECO "B20"]
[WhiteElo "2353"]
[BlackElo "2390"]
[Annotator "TA"]
[PlyCount "85"]
[EventDate "2022.11.14"]
[EventType "swiss"]
[EventCountry "ITA"]
[SourceTitle "playchess.com"]
[Source "ChessBase"]
[SourceQuality "1"]
[TimeControl "40/5400+30:1800+30"]

1. e4 c5 2. d3 Nc6 3. g3 g6 4. Bg2 Bg7 5. f4 d6 6. Nf3 e6 7. O-O Nge7 8. c3 O-O 9. Be3 b6 10. Re1 Bb7 {[%emt 0:02:42] B20: Sicilian: Unusual White 2nd moves.} 11. d4 Rc8 12. Bf2 {[%emt 0:08:39] [#]} Qd7 $146 {[%emt 0:05:51] [#]} (12... cxd4 $11 13. cxd4 d5) ({Predecessor:} 12... Na5 13. Nbd2 cxd4 14. cxd4 d5 15. e5 Nc4 16. Rb1 Nxd2 17. Qxd2 Qc7 18. g4 Rfe8 {1-0 (33) Kosic,D (2511)-Rohit,G (2457) Budapest 2008}) 13. dxc5 $1 $16 bxc5 14. Bxc5 Rfd8 15. Bf2 Na5 16. Na3 (16. Bxa7 Nc4 $16) 16... Nc4 17. Nxc4 ({And not} 17. Bxa7 Nxa3 18. Bb6 Nc4 19. Bxd8 Qxd8 $17) 17... Rxc4 18. Nd2 (18. Bxa7 $6 Rxe4 19. Bf2 Ra4 $11) 18... Ra4 19. Nb3 f5 20. Nd4 Bxd4 21. Bxd4 ({Don't play} 21. cxd4 $6 Rb4 $16) 21... Bxe4 22. Bxe4 fxe4 23. b3 {[%emt 0:01:31] Inhibits d5. White is more active.} Ra5 24. Rxe4 Nc6 25. Bf2 d5 {[%emt 0:02:21] Inhibits b4.} (25... Rf5 $16 26. Qe2 e5) 26. Re2 d4 27. Bxd4 Rd5 28. Re4 Nxd4 29. Rxd4 Rxd4 30. Qxd4 ({But not} 30. cxd4 Qxd4+ 31. Qxd4 Rxd4 $16) 30... Qxd4+ 31. cxd4 Rxd4 {[%emt 0:00:36][%mdl 4096] Endgame KR-KR} 32. Rc1 a5 33. Rc2 h5 34. Kf2 {[%emt 0:01:55] And now Ke3 would win.} Kf7 (34... Rd5 $142 35. Ke3 Kf7) 35. Ke3 $18 Rd5 36. Rd2 (36. h4 $18 {has better winning chances.}) 36... Rb5 37. Ke4 {[%emt 0:02:53] Threatens to win with h4.} Kf6 {[%emt 0:00:33] [#]} (37... g5 $16 38. Rd7+ Kf6 39. fxg5+ Kxg5 40. Rg7+ Kf6) 38. h4 $1 Ke7 39. Rd3 Kf6 40. Kd4 Kf5 41. Kc4 Rb4+ 42. Kc5 Ke4 43. Rc3 {[%emt 0:00:00] Weighted Error Value: White=0.08 (flawless) /Black=0.28 (precise)} 1-0

[Event "FIDE WSCC 65 2022"]
[Site "Assisi"]
[Date "2022.11.25"]
[Round "10.3"]
[White "Birnboim, Nathan"]
[Black "Knaak, Rainer"]
[Result "1-0"]
[ECO "C28"]
[WhiteElo "2361"]
[BlackElo "2457"]
[Annotator "TA"]
[PlyCount "57"]
[EventDate "2022.11.14"]
[EventType "swiss"]
[EventCountry "ITA"]
[SourceTitle "playchess.com"]
[Source "ChessBase"]
[SourceQuality "1"]
[TimeControl "40/5400+30:1800+30"]

1. e4 e5 2. Bc4 Nf6 3. d3 Nc6 4. Nc3 Na5 5. Nge2 Nxc4 6. dxc4 d6 7. O-O {[%emt 0:01:14] C28: Vienna Game: 2...Nf6 3 Bc4 Nc6.} c6 8. Qd3 Be7 9. Ng3 {[%emt 0:10:49] [#] The position is equal.} g6 $146 ({Predecessor:} 9... O-O 10. Bg5 Ne8 11. Be3 Bg5 12. Rad1 Bg4 13. Rd2 Bxe3 14. fxe3 Qb6 15. Nf5 Bxf5 16. exf5 {1-0 (45) Finegold,B (2494)-Chen,H (2297) Wheeling 2011}) 10. h3 h6 11. f4 Be6 12. f5 Bd7 13. Be3 (13. a4 $5) 13... g5 (13... h5 $1 $14) 14. a4 $16 a5 15. Ra3 Rg8 ({Black should try} 15... d5 $14 16. exd5 Bxa3 17. bxa3 cxd5) 16. Rb3 h5 17. Qe2 {[%emt 0:00:40] White has more active pieces. The black rooks are badly placed.} g4 18. h4 (18. Rxb7 gxh3 19. Qf3 (19. Nxh5 $2 Rxg2+ $19) 19... Rb8 20. Rxb8 Qxb8 21. Nxh5 Rxg2+ 22. Kh1 Qxb2 23. Qxh3 (23. Rb1 $2 Qxc3 24. Qxh3 Rg5 $19) 23... Rxc2 24. Ng7+ (24. Rb1 Qxc3 25. Ng7+ Kd8 $11) 24... Kd8 25. Qh8+ Kc7 $11) 18... Nh7 $2 {[%emt 0:01:14] [#] This move loses the game for Black.} (18... Qc7 $16) 19. Nxh5 $18 ({Don't play} 19. Rxb7 $6 Bxh4 20. Nxh5 Bc8 $18) 19... Bxh4 20. Rxb7 {[%emt 0:07:57] Qd3 is the strong threat.} Nf6 21. Nxf6+ ({Not} 21. Bb6 Qc8 22. Nxf6+ Bxf6 $16) 21... Qxf6 22. Qd2 Bg5 23. Bxg5 Qxg5 24. Qxg5 ({Stronger than} 24. Qxd6 Qe3+ 25. Rf2 Qe1+ 26. Rf1 Qe3+ 27. Rf2 Qe1+ 28. Rf1 Qe3+ $11) 24... Rxg5 25. Kf2 {[%emt 0:01:05] And now Rd1 would win.} O-O-O 26. Ra7 Kb8 27. Rxa5 g3+ 28. Ke3 Kb7 29. Rh1 {[%emt 0:03:26] Weighted Error Value: White=0.15 (very precise) /Black=0.48} 1-0

[Event "FIDE WSCC 65 2022"]
[Site "Assisi"]
[Date "2022.11.25"]
[Round "10.4"]
[White "Fernandez Garcia, Jose Luis"]
[Black "Werner, Clemens"]
[Result "1-0"]
[ECO "B15"]
[WhiteElo "2358"]
[BlackElo "2236"]
[Annotator "TA"]
[PlyCount "76"]
[EventDate "2022.11.14"]
[EventType "swiss"]
[EventCountry "ITA"]
[SourceTitle "playchess.com"]
[Source "ChessBase"]
[SourceQuality "1"]
[TimeControl "40/5400+30:1800+30"]

1. e4 c6 2. d4 d5 3. Nd2 dxe4 4. Nxe4 Nf6 5. Nxf6+ exf6 6. Bc4 Bd6 7. Qe2+ Qe7 8. Qxe7+ Kxe7 9. Ne2 Be6 10. Bd3 {[%emt 0:03:09] B15: Caro-Kann: 3 Nc3: 3...g6 and 3...dxe4 4 Nxe4 Nf6 5 Nxf6+ exf6.} Nd7 11. Bf4 {[%emt 0:01:11] [#]} c5 $146 ({Predecessor:} 11... Nb6 12. O-O-O Rad8 13. Bxd6+ Rxd6 14. Rhe1 f5 15. b3 Kf6 16. c4 Nc8 17. Kc2 Rhd8 {1-0 (69) Lintchevski,D (2570)-Shimanov,A (2581) St Petersburg 2021}) 12. Bxd6+ {[%emt 0:04:00] White is slightly better.} Kxd6 13. O-O-O Kc7 14. Rhe1 c4 15. Be4 Rae8 16. d5 Bg4 17. f3 Nc5 $1 18. d6+ (18. Rd4 $14) 18... Kd7 $11 19. Bxb7 Nxb7 20. fxg4 Re6 ({But not} 20... Nxd6 21. Rd2 $16) (20... h5 $1 $11) 21. Ng3 $36 {[%emt 0:01:02][%mdl 2048] White fights for an advantage.} (21. Nd4 {simplifies} Rxe1 22. Rxe1 Nxd6 23. Re3) 21... Rhe8 {[%emt 0:06:53] [#]} (21... Rxe1 $14 {feels stronger.} 22. Rxe1 Nxd6) 22. Rf1 $1 $16 g6 {[%emt 0:01:38] [#] Inhibits Nf5.} 23. Rf4 $1 c3 24. bxc3 Nxd6 25. Ra4 Ra8 ({Better is} 25... Kc6) 26. Ne4 {[%emt 0:03:55] White is more active.} Ke7 27. Nxd6 Rxd6 28. Rxd6 Kxd6 {[%emt 0:00:07][%mdl 4096] Endgame KR-KR} 29. Ra5 a6 30. Kd2 Kc6 31. c4 Kb6 32. Rd5 Kc6 {[%emt 0:00:15] Prevents Rd7.} 33. Rd3 Re8 34. Re3 Re6 35. Ra3 Kb6 36. Rd3 Kc5 37. Rd7 Kxc4 38. Rxf7 Rd6+ {[%emt 0:03:58] Weighted Error Value: White=0.08 (flawless) /Black=0.15 (very precise)} 1-0

[Event "FIDE WSCC 65 2022"]
[Site "Assisi"]
[Date "2022.11.25"]
[Round "10.5"]
[White "Hebert, Jean"]
[Black "Pomes Marcet, Joan"]
[Result "1/2-1/2"]
[ECO "D17"]
[WhiteElo "2333"]
[BlackElo "2197"]
[Annotator "TA"]
[PlyCount "64"]
[EventDate "2022.11.14"]
[EventType "swiss"]
[EventCountry "ITA"]
[SourceTitle "playchess.com"]
[Source "ChessBase"]
[SourceQuality "1"]
[TimeControl "40/5400+30:1800+30"]

1. Nf3 d5 2. c4 c6 3. d4 Nf6 4. Nc3 dxc4 5. a4 Bf5 6. Ne5 Nbd7 7. Nxc4 Nb6 {[%emt 0:01:26] is cutting edge theory.} 8. Ne5 a5 9. f3 {[%emt 0:06:03] D17: Slav Defence: 5 a4 Bf5: Lines with 6 Nh4 and 6 Ne5.} Nfd7 10. Nd3 (10. Nxd7 $11 Nxd7 11. e4) 10... e6 (10... Bxd3 $15 11. Qxd3 e5) 11. e4 $14 {[%emt 0:01:46] White is slightly better.} Bg6 12. Be3 Bd6 13. Qb3 Qc7 (13... O-O $14) 14. g3 O-O 15. Rc1 {[%emt 0:01:49][%cal Oc3b5] [#]} Rae8 $146 {[%emt 0:07:48] [#]} (15... Qd8 $142) ({Predecessor:} 15... Qb8 16. Bg2 Bc7 17. O-O Kh8 18. Rfd1 Nc8 19. Bf4 Nd6 20. Kh1 Re8 21. Bh3 f5 {½-½ (63) Sanchez Lopez,M (1799)-Rodriguez Diaz,A (1979) Madrid 2012}) 16. Bg2 ({White should play} 16. Nb5 $1 Qb8 17. Nxd6 Qxd6 18. Bg2) 16... Nd5 $16 {[%emt 0:08:07] [#]} 17. Bf2 ({Better is} 17. Nb5 $1 $16 Qb6 18. Nc5 Nxe3 19. Nxd6 (19. Qxe3 Bxc5 20. dxc5 Nxc5 $14) 19... Nxg2+ 20. Kf2 Qxb3 21. Nxb3) 17... Qb6 (17... Nb4 $5 18. Nxb4 Bxb4 $11) 18. Qxb6 N7xb6 19. b3 (19. Na2 $14 {is more appropriate.}) 19... Nxc3 20. Rxc3 Nd7 {[%emt 0:00:58] Inhibits d5.} (20... f5 $5 ) 21. O-O Rd8 22. Rd1 Rfe8 23. Rcc1 Ba3 24. Ra1 Bf8 25. Nf4 Bb4 26. h4 {[%emt 0:00:37] Threatens to win with h5.} f6 27. Nxg6 hxg6 28. Bf1 (28. Rac1 $5 ) 28... e5 29. Kg2 Bc3 30. Rac1 Bxd4 {[%emt 0:00:47] White has an edge.} 31. Bxd4 exd4 32. Rxd4 {[%emt 0:00:52] And now Rcd1 would win.} Kf8 {[%emt 0:00:35] Weighted Error Value: White=0.19 (very precise) /Black=0.21 (precise)} 1/2-1/2

[Event "FIDE WSCC 65 2022"]
[Site "Assisi"]
[Date "2022.11.25"]
[Round "10.6"]
[White "Bogdanov, Valentin"]
[Black "Maryasin, Boris"]
[Result "1-0"]
[ECO "D07"]
[WhiteElo "2323"]
[BlackElo "2258"]
[Annotator "TA"]
[PlyCount "120"]
[EventDate "2022.11.14"]
[EventType "swiss"]
[EventCountry "ITA"]
[SourceTitle "playchess.com"]
[Source "ChessBase"]
[SourceQuality "1"]
[TimeControl "40/5400+30:1800+30"]

1. d4 d5 2. c4 dxc4 3. e4 Nc6 4. Nf3 Bg4 5. d5 Ne5 6. Nc3 Nf6 7. Be3 {[%emt 0:00:26] D07: Queen's Gambit: Chigorin Defence.} a6 8. h3 {[%emt 0:01:14] [#] Prevents e6.} Nxf3+ $146 ({Predecessor:} 8... Bxf3 9. gxf3 e6 10. f4 Nd3+ 11. Bxd3 cxd3 12. dxe6 fxe6 13. Qb3 Qc8 14. e5 Nh5 {1-0 (51) Wojtaszek,R (2694)-Timofeev,A (2594) Tornelo INT 2021}) 9. gxf3 {[%emt 0:00:50] White has an edge.} Bh5 10. Bxc4 e5 11. dxe6 Qxd1+ 12. Rxd1 {[%emt 0:00:02] Strongly threatening e5.} fxe6 13. Ke2 e5 (13... Bb4 $11) 14. Rhg1 $1 $16 g6 15. Bg5 $36 {[%emt 0:10:52][%mdl 2048] White is really pushing.} (15. Nd5 {simplifies} Nxd5 16. Bxd5 Rb8 17. Rd3) 15... Be7 16. Be6 h6 (16... c6 $16 {might work better.}) 17. Bxf6 $18 Bxf6 18. Nd5 (18. Rd7 $142) 18... Bd8 $16 19. Ne3 Ke7 (19... Bg5 $142) 20. Bg4 {[%emt 0:08:36] White has more active pieces. The black rooks are badly placed.} Bxg4 21. Nxg4 (21. fxg4 $6 Ke6 $11) (21. Rxg4 $6 g5 $14) (21. hxg4 $6 Ke6 $11) 21... Ke6 22. Rd5 Bf6 {[%emt 0:00:14] [#]} 23. Nxf6 $1 Kxf6 {[%emt 0:00:15][%mdl 4096] Endgame KRR-KRR} 24. Rd7 Rac8 25. Rgd1 (25. Rc1 $16) 25... Rhe8 $14 26. R1d5 Re6 27. Rh7 h5 (27... Rc6 $14) 28. h4 Rb6 (28... Rd6 $14) 29. b3 $16 Rd6 {[%emt 0:00:32] [#]} 30. Rxc7 $3 Rxd5 31. Rxc8 {[%emt 0:00:11] KR-KR} Ra5 {[%emt 0:00:43] This costs Black the game.} (31... Rd7 $16 32. Rc5 Re7) 32. a4 $18 g5 33. Rh8 gxh4 34. Rxh5 b5 $2 (34... Rc5 35. Kd3 (35. Rxh4 Rc2+ 36. Ke1 Kg6 $18) 35... Kg6 36. Rxh4 b5) 35. f4 (35. Rxh4 bxa4 36. bxa4 (36. Rh6+ Kg5 $11) 36... Rxa4 $14) 35... bxa4 36. bxa4 (36. Rxh4 axb3 37. fxe5+ Kg5 $11) 36... Rxa4 {[%emt 0:01:26] [#]} 37. Kf3 (37. Rxh4 Rxe4+ 38. Kf3 Rxf4+ 39. Rxf4+ exf4 40. Kxf4 a5 $11) (37. Rxe5 Ra3 $14) (37. fxe5+ Kg6 38. Rxh4 Kg5 $11) 37... Ra3+ 38. Kg4 h3 (38... exf4 $142 39. f3 (39. Kxh4 Rf3 $11) (39. Kxf4 Rh3 $16) 39... Ra2 40. Rxh4 (40. Kxh4 {leads to mate.} Rh2+ 41. Kg4 Rxh5 42. Kxf4 a5 43. Kg4 Rg5+ 44. Kf4 a4 45. Ke3 a3 46. Kd3 a2 47. f4 Rg8 48. Ke3 a1=Q 49. e5+ Kf5 50. e6 Qc3+ 51. Kf2 Kxf4 52. Kf1 Qe3 53. e7 Rg1#) 40... Ke5) 39. f3 exf4 40. Kxf4 ({Stronger than} 40. Kxh3 Rxf3+ 41. Kg4 Rf1 $11) 40... a5 41. Rxh3 a4 42. Rh6+ Ke7 43. Ra6 Ra1 44. Ke5 a3 45. Ra7+ {[%emt 0:00:38] White mates.} Kd8 46. f4 a2 47. f5 Kc8 48. f6 Kb8 49. f7 Rf1 50. Rxa2 Rxf7 51. Rc2 Rf1 52. Ke6 Rd1 53. e5 Re1 54. Kd6 Rf1 55. e6 Rd1+ 56. Ke7 Rf1 57. Kd7 Rd1+ 58. Ke8 Re1 59. e7 Rd1 60. Rf2 Kc7 {[%emt 0:00:09] Weighted Error Value: White=0.06 (flawless) /Black=0.41} 1-0

[Event "FIDE WSCC 65 2022"]
[Site "Assisi"]
[Date "2022.11.25"]
[Round "10.7"]
[White "Gruzmann, Boris"]
[Black "Renman, Nils-Gustaf"]
[Result "0-1"]
[ECO "C02"]
[WhiteElo "2156"]
[BlackElo "2320"]
[Annotator "TA"]
[PlyCount "64"]
[EventDate "2022.11.14"]
[EventType "swiss"]
[EventCountry "ITA"]
[SourceTitle "playchess.com"]
[Source "ChessBase"]
[SourceQuality "1"]
[TimeControl "40/5400+30:1800+30"]

1. e4 e6 2. d4 d5 3. e5 c5 4. c3 Nc6 5. Nf3 Qb6 6. a3 Nh6 7. b4 cxd4 8. cxd4 Nf5 9. Be3 Bd7 10. Be2 f6 {[%emt 0:03:40] C02: French: Advance Variation.} 11. exf6 gxf6 12. Nc3 Nxe3 {[%emt 0:06:45] The position is equal.} 13. fxe3 {[%emt 0:00:10] [#]} Nxb4 $1 {[%emt 0:07:24][%cal Oa8c8] [#]} 14. Rb1 $146 {[%emt 0:07:48][%mdl 64] Pin} ({Reject} 14. axb4 Bxb4 15. O-O Bxc3 $17) (14. O-O $5 Nc6 15. e4 $11) (14. O-O Nc6) ({Predecessor:} 14. O-O Nc6 15. Ne1 Ke7 16. Nc2 Bg7 17. Qd2 Raf8 18. Rab1 Qc7 19. e4 dxe4 20. Nxe4 {0-1 (39) Beluska,T (1970)-Ludvik,T (1952) Czech Republic 2016}) 14... Qc7 15. Qb3 Rc8 16. Nd1 (16. Kd2 $17 {might work better.} Nc6 17. Qxb7) 16... Nc2+ $19 17. Kf2 Nxa3 18. Ra1 Qa5 19. Qxb7 Bd6 20. Ne1 (20. Ra2 $142) 20... Ke7 ({Worse is} 20... Qd2 21. Qa6 Nc2 22. Nf3 $17) 21. Qa6 Qxa6 22. Bxa6 Rc6 23. Bd3 f5 {[%emt 0:02:18] Inhibits e4.} 24. g3 (24. h3 $142) 24... Rhc8 25. Ng2 (25. Ra2 $142) 25... Rc1 26. Rxc1 Rxc1 27. Ke2 a5 28. Nf2 Rxh1 29. Nxh1 Bb4 30. Kd1 Nc4 31. Nf2 a4 {[%emt 0:04:58] [#] aiming for ...a3.} 32. Kc2 (32. Bb1 $142) 32... a3 {[%emt 0:00:25] White got outplayed after the opening.   Weighted Error Value: White=0.64/Black=0.10 (very precise)} 0-1

[Event "FIDE WSCC 65 2022"]
[Site "Assisi"]
[Date "2022.11.25"]
[Round "10.8"]
[White "Roos, Louis"]
[Black "Luciani, Carlo"]
[Result "1-0"]
[ECO "E66"]
[WhiteElo "2293"]
[BlackElo "2187"]
[Annotator "TA"]
[PlyCount "77"]
[EventDate "2022.11.14"]
[EventType "swiss"]
[EventCountry "ITA"]
[SourceTitle "playchess.com"]
[Source "ChessBase"]
[SourceQuality "1"]
[TimeControl "40/5400+30:1800+30"]

1. c4 Nf6 2. Nc3 g6 3. g3 Bg7 4. Bg2 O-O 5. d4 d6 6. Nf3 Nc6 7. d5 Na5 8. Nd2 c5 9. O-O a6 10. Qc2 Rb8 11. b3 b5 12. Rb1 e5 13. cxb5 axb5 14. b4 cxb4 15. Rxb4 Bd7 (15... Qc7 $11) 16. Qb1 $14 {[%emt 0:06:52][%cal Rc3b5] White is more active. E66: King's Indian: Fianchetto: 6...c5 7 0-0 Nc6 8 d5.} Qc7 17. Nxb5 Qc5 18. a4 {[%emt 0:00:08] Threatens to win with Ba3. White is better.} Nxd5 {[%emt 0:03:13] [#]} 19. Bxd5 $146 ({Better is} 19. Rb2 $16) ({Predecessor:} 19. Rb2 Nf6 20. Rc2 Qb6 21. Ba3 Bxb5 22. axb5 Rfd8 23. Rfc1 Ng4 24. Ne4 Bh6 25. Rf1 {1-0 (67) Bora,S (2363)-Martin Del Campo C,R (2360) Charlotte 2017}) 19... Qxd5 $11 20. e4 Qa8 21. Nxd6 (21. Nc7 $11 {keeps the balance.} Qa7 22. Nb5) 21... Nc6 $36 {[%emt 0:04:29][%cal Ba5c6,Bc6d4,Bd4c2][%mdl 2080] Black is really pushing.} 22. Rxb8 Rxb8 23. Qa2 (23. Bb2 $17 {was worth a try.}) 23... Be6 $19 {[%emt 0:00:34][%mdl 1024] Black has strong compensation.} 24. Qa1 {[%emt 0:00:25] [#]} Nd4 $1 {[%emt 0:00:36] Hoping for ...Rd8.} 25. a5 $2 (25. Bb2 {only move.}) 25... Qa6 26. Ba3 Nc2 27. Rb1 Rxb1+ {[%emt 0:00:44][%mdl 64] Deflection} ({But not} 27... Qxa5 28. Rxb8+ Bf8 29. N6c4 $18) 28. Qxb1 Nxa3 29. Qb8+ Bf8 {[%emt 0:00:24] And now ...Qe2 would win.} 30. Ne8 Qb5 31. Nf6+ Kg7 32. Ne8+ Kh6 $4 (32... Kh8 $19 33. Qd8 Qc5) 33. Qd8 $18 f6 34. Nc7 {[%mdl 64] [#] Discovered Attack, Double Attack} ({And not} 34. Nxf6 Qc5 $11) 34... Qb4 35. Nxe6 {Black must now prevent a6.} Bg7 36. Qd7 (36. g4 $142 Qa4 37. g5+ Kh5 38. Nxg7+ Kxg5 39. Nf3+ Kf4 40. Qxf6+ Kxe4 41. Qh4+ Kxf3 42. Qxa4) 36... Bh8 37. Qd3 (37. Nd8 $142 Qb5 38. Nf7+ Kg7 39. Qe7 Qb4 40. Qxb4 Kxf7 41. a6 Kg7 42. a7) 37... g5 38. g4 Kg6 39. Qd7 {White used his chance.   Weighted Error Value: White=0.56/Black=0.97} 1-0

[Event "FIDE WSCC 65 2022"]
[Site "Assisi"]
[Date "2022.11.25"]
[Round "10.9"]
[White "Vaisser, Anatoly"]
[Black "Chan, Peng Kong"]
[Result "1-0"]
[ECO "E44"]
[WhiteElo "2463"]
[BlackElo "2149"]
[Annotator "TA"]
[PlyCount "77"]
[EventDate "2022.11.14"]
[EventType "swiss"]
[EventCountry "ITA"]
[SourceTitle "playchess.com"]
[Source "ChessBase"]
[SourceQuality "1"]
[TimeControl "40/5400+30:1800+30"]

1. d4 Nf6 2. c4 e6 3. Nc3 Bb4 4. e3 b6 5. Nge2 Ne4 6. Bd2 Nxd2 7. Qxd2 Bb7 8. a3 {[%emt 0:05:03] E44: Nimzo-Indian: Rubinstein: 4...b6 5 Ne2.} Bxc3 9. Nxc3 d6 10. Bd3 {[%emt 0:02:25] White is slightly better.} Nd7 11. O-O O-O {[%emt 0:02:48] [#]} 12. f4 $146 ({Predecessor:} 12. b4 Qh4 13. f4 f5 14. d5 e5 15. Nb5 e4 16. Be2 Rfc8 17. Nd4 Qf6 18. g4 {1-0 (30) Lein,A (2490)-Nielsen,U (2300) Gausdal 1990}) 12... Qe7 13. e4 e5 14. fxe5 (14. Nd5 $5 Qd8 15. Bc2 $14) 14... dxe5 15. d5 a5 16. b3 Rfd8 17. Qe2 Nf8 18. Nd1 Bc8 19. Ne3 f6 20. Qd2 Ng6 21. g3 Qd6 22. b4 c5 23. Rab1 (23. b5 $14) 23... Bd7 (23... axb4 $11 {might be stronger.} 24. axb4 Nh8) 24. Rb2 (24. b5 $14) 24... Ne7 ({Black should try} 24... axb4 $11 25. axb4 Nh8) 25. Rfb1 (25. b5 $1 $14) 25... axb4 $11 26. axb4 Ra6 27. Nc2 Rda8 28. bxc5 bxc5 29. Ne3 Nc8 30. Be2 R6a7 31. Rb7 (31. Qd1 {simplifies} Ba4 32. Qd3 Bd7 33. Rb7) 31... Bc6 $2 (31... Qa6 $11 32. Rxa7 Rxa7) 32. Rxa7 Rxa7 33. Nf5 Qd8 {[%emt 0:00:27] [#]} 34. Qe3 $1 $36 {[%emt 0:02:08][%mdl 2048] White is really pushing.} Bd7 35. Qxc5 {[%emt 0:00:40] Rb8 is the strong threat. White has more active pieces.} Rc7 (35... Ra5 $16 {keeps fighting.} 36. Qb4 Qc7) 36. Qa5 $18 {[%emt 0:04:15] Black must now prevent Rb7.} Bxf5 37. exf5 ({Don't take} 37. Rb7 Rd7 38. Qxd8+ Rxd8 $18) 37... Qd6 {[%emt 0:02:58] Against c5} 38. Rb8 {[%emt 0:01:41] aiming for Ra8.} Kf7 (38... Rxc4 {leads to mate.} 39. Bxc4 h5 40. Rxc8+ Kh7 41. Qb5 g6 42. Qb7+ Kh6 43. h4) 39. Qb4 $2 {[%emt 0:02:37] Weighted Error Value: White=0.12 (very precise) /Black=0.25 (precise)} (39. Kg2 $18) 1-0

[Event "FIDE WSCC 65 2022"]
[Site "Assisi"]
[Date "2022.11.25"]
[Round "10.10"]
[White "Sideifzade, Fikret"]
[Black "Bergstrom, Rolf"]
[Result "1/2-1/2"]
[ECO "E60"]
[WhiteElo "2391"]
[BlackElo "2166"]
[Annotator "TA"]
[PlyCount "53"]
[EventDate "2022.11.14"]
[EventType "swiss"]
[EventCountry "ITA"]
[SourceTitle "playchess.com"]
[Source "ChessBase"]
[SourceQuality "1"]
[TimeControl "40/5400+30:1800+30"]

1. d4 d6 2. Nf3 Nf6 3. g3 g6 4. Bg2 Bg7 5. O-O O-O 6. c4 Bf5 7. Nc3 Ne4 8. Nd5 {[%emt 0:02:34] E60: King's Indian: Unusual lines and Fianchetto Variation without Nc3.} c6 9. Ne3 Be6 10. b3 f5 11. Bb2 Nd7 12. Qc2 {[%emt 0:06:36] [#]} Bf7 $146 ({Predecessor:} 12... Rc8 13. Rad1 Qa5 14. a3 d5 15. Rc1 Bh6 16. Qd3 f4 17. b4 Qa4 18. gxf4 Bxf4 19. cxd5 cxd5 {½-½ (35) Xiong,J (2688)-Bortnyk,O (2604) Chess.com INT 2022}) 13. Rfd1 e6 14. Nf1 g5 15. N3d2 Nxd2 16. Rxd2 Bg6 17. e3 Nf6 18. f4 Ne4 19. Re2 d5 20. Nd2 Bh5 21. Ree1 ({White should try} 21. Nf3 $11) 21... h6 (21... gxf4 $15 22. gxf4 Rf6) 22. a4 Qa5 23. b4 Qd8 ({Resist} 23... Qxb4 24. Nxe4 dxe4 25. Ba3 $16) 24. Nf3 Bxf3 25. Bxf3 {[%emt 0:01:08] The position is equal.} Nd6 26. Be2 (26. c5 $5 Ne4 27. Qe2 $11) 26... a6 27. b5 {[%emt 0:27:29] An interesting draw.   Weighted Error Value: White=0.16 (very precise) /Black=0.12 (very precise)} 1/2-1/2

[Event "FIDE WSCC 65 2022"]
[Site "Assisi"]
[Date "2022.11.25"]
[Round "10.11"]
[White "Hutchinson, Paul A"]
[Black "Binham, Timothy F."]
[Result "1/2-1/2"]
[ECO "E61"]
[WhiteElo "2148"]
[BlackElo "2284"]
[Annotator "TA"]
[PlyCount "56"]
[EventDate "2022.11.14"]
[EventType "swiss"]
[EventCountry "ITA"]
[SourceTitle "playchess.com"]
[Source "ChessBase"]
[SourceQuality "1"]
[TimeControl "40/5400+30:1800+30"]

1. d4 Nf6 2. Bf4 g6 3. Nf3 Bg7 4. h3 O-O 5. e3 d6 6. c4 b6 7. Nc3 Bb7 8. Be2 Nbd7 9. O-O Re8 10. Qc2 e5 11. Bh2 $1 {[%emt 0:00:16] The main line 11.Bh2 scores better than 11.dxe5.} exd4 12. exd4 Ne4 {[%emt 0:00:55] E61: King's Indian: Early deviations for White, including Smyslov System.} 13. Rad1 Nxc3 14. bxc3 {[%emt 0:00:28] [#]} Nf6 $146 ({Predecessor:} 14... Qf6 15. Bg3 Qd8 16. Rfe1 Be4 17. Qa4 Rb8 18. Nd2 Nf6 19. Bh4 Bf5 20. Bf3 a5 {1-0 (48) Gostelow,D (2059)-Niedbal,P (1750) West Bromwich 2014}) 15. Rfe1 Qd7 16. Nd2 Re7 17. Bf4 Rae8 18. Be3 Ne4 19. Nf1 (19. Nxe4 $11 Bxe4 20. Qd2) 19... Bc6 20. Rc1 h6 21. Qd3 Ng5 22. Bxg5 hxg5 23. Ne3 Be4 {[%emt 0:02:12] This pair of bishops is nice.} 24. Qd2 Bb7 25. Bd3 f5 26. Re2 c5 27. Nc2 Rxe2 28. Bxe2 Bf6 {[%emt 0:02:26] Weighted Error Value: White=0.16 (very precise) /Black=0.13 (very precise)} 1/2-1/2